| TOP OF THE 1ST |
|
Montgomery Biscuits batting - Pitching for Chattanooga Lookouts : RHP Jason Stout
|
|
Pitching: RHP Jason Stout
|
|
|
Batting: RHB Adam Turpin
|
0-0: Ball 1-0: Ball 2-0: Ball 3-0: Called Strike 3-1: Foul Ball, location: 2F 3-2: Foul Ball, location: 2F 3-2: Foul Ball, location: 2F 3-2: Strikes out looking
|
|
Batting: LHB Mario Ocana
|
0-0: Swinging Strike 0-1: Hit by Pitch
|
|
Batting: RHB Alex Zamora
|
0-0: Foul Ball, location: 2F 0-1: Ball Wild Pitch! Mario Ocana to second 1-1: Ball 2-1: Swinging Strike 2-2: Ball 3-2: Base on Balls
|
|
Batting: RHB Dan Marks
|
0-0: SINGLE (Groundball, 56, EV 105.6 MPH) Mario Ocana to third Alex Zamora to second Runner from 3rd tries for Home, SAFE, throw by LF to home
|
|
Batting: RHB Jason Penfield
|
0-0: Called Strike 0-1: Ball 1-1: Foul Ball, location: 2F 1-2: Foul Ball, location: 2F 1-2: Ball 2-2: SINGLE (Groundball, 56D, EV 101.2 MPH) Alex Zamora to third Dan Marks to second
|
|
Batting: RHB Dave Galloway
|
0-0: Foul Ball, location: 2F 0-1: Ball 1-1: Ball 2-1: Ball 3-1: Grounds into double play, 5-4-3 (Groundball, 5S, EV 83.8 MPH)
|
| Top of the 1st over - 1 run, 2 hits, 0 errors, 2 left on base; Montgomery 1 - Chattanooga 0 |
| BOTTOM OF THE 1ST |
|
Chattanooga Lookouts batting - Pitching for Montgomery Biscuits : RHP Jeremy Price
|
|
Pitching: RHP Jeremy Price
|
|
|
Batting: SHB Matt Urbani
|
0-0: Called Strike 0-1: Called Strike 0-2: DOUBLE (Line Drive, 5D, EV 95.0 MPH)
|
|
Batting: LHB Marshall Daul
|
0-0: Called Strike 0-1: Foul Ball, location: 2F 0-2: Ball 1-2: Ball 2-2: Foul Ball, location: 2F 2-2: Foul Ball, location: 2F 2-2: Ball 3-2: SINGLE (Flyball, 34D, EV 93.1 MPH) Matt Urbani to third
|
|
Batting: LHB Shaun Price
|
0-0: Ball 1-0: Ball 2-0: Called Strike Marshall Daul is caught stealing 2nd base 2-6 2-1: Called Strike 2-2: Foul Ball, location: 2F 2-2: Ball Wild Pitch! Matt Urbani scores 3-2: Ground out U3 (Groundball, 13, EV 90.6 MPH)
|
|
Batting: LHB Kuemon Shishido
|
0-0: Called Strike 0-1: Ball 1-1: Ball 2-1: Fly out, F5 (Popup, 5F, EV 64.4 MPH)
|
| Bottom of the 1st over - 1 run, 2 hits, 0 errors, 0 left on base; Montgomery 1 - Chattanooga 1 |
| TOP OF THE 2ND |
|
Montgomery Biscuits batting - Pitching for Chattanooga Lookouts : RHP Jason Stout
|
|
Batting: RHB Isaiah Easter
|
0-0: Called Strike 0-1: Ball 1-1: Ground out 1-3 (Groundball, 34S, EV 66.2 MPH)
|
|
Batting: RHB Khalil Walker
|
0-0: Foul Ball, location: 2F 0-1: Foul Ball, location: 2F 0-2: Ball 1-2: Ball 2-2: Ground out 1-3 (Groundball, 23, EV 71.2 MPH)
|
|
Batting: LHB Alex Genao
|
0-0: Swinging Strike 0-1: Foul Ball, location: 2F 0-2: Ball 1-2: Foul Ball, location: 2F 1-2: Strikes out looking
|
| Top of the 2nd over - 0 runs, 0 hits, 0 errors, 0 left on base; Montgomery 1 - Chattanooga 1 |
| BOTTOM OF THE 2ND |
|
Chattanooga Lookouts batting - Pitching for Montgomery Biscuits : RHP Jeremy Price
|
|
Batting: LHB Brian Wagner
|
0-0: Ground out 4-3 (Groundball, 4, EV 104.4 MPH)
|
|
Batting: RHB Manuel Juarez
|
0-0: Foul Ball, location: 2F 0-1: Hit by Pitch
|
|
Batting: RHB Michael McDonald
|
0-0: Ball Manuel Juarez is caught stealing 2nd base 2-4 1-0: Ball 2-0: Called Strike 2-1: Foul Ball, location: 2F 2-2: Ball 3-2: Ground out 5-3 (Groundball, 56, EV 86.9 MPH)
|
| Bottom of the 2nd over - 0 runs, 0 hits, 0 errors, 0 left on base; Montgomery 1 - Chattanooga 1 |
| TOP OF THE 3RD |
|
Montgomery Biscuits batting - Pitching for Chattanooga Lookouts : RHP Jason Stout
|
|
Batting: RHB Adam Turpin
|
0-0: Called Strike 0-1: Ball 1-1: Foul Ball, location: 2F 1-2: Strikes out swinging
|
|
Batting: LHB Mario Ocana
|
0-0: Ball 1-0: Foul Ball, location: 2F 1-1: Fly out, F5 (Popup, 5L, EV 73.1 MPH)
|
|
Batting: RHB Alex Zamora
|
0-0: Foul Ball, location: 2F 0-1: Ball 1-1: Ball 2-1: Foul Ball, location: 2F 2-2: Strikes out looking
|
| Top of the 3rd over - 0 runs, 0 hits, 0 errors, 0 left on base; Montgomery 1 - Chattanooga 1 |
| BOTTOM OF THE 3RD |
|
Chattanooga Lookouts batting - Pitching for Montgomery Biscuits : RHP Jeremy Price
|
|
Batting: RHB Juan Espinoza
|
0-0: Swinging Strike 0-1: Foul Ball, location: 2F 0-2: Strikes out looking
|
|
Batting: LHB David Campbell
|
0-0: Ball 1-0: Ball 2-0: Called Strike 2-1: SINGLE (Line Drive, 4D, EV 96.2 MPH)
|
|
Batting: SHB Matt Urbani
|
0-0: Ball 1-0: Ball 2-0: Swinging Strike 2-1: Swinging Strike 2-2: Strikes out looking
|
|
Batting: LHB Marshall Daul
|
0-0: Foul Ball, location: 2F 0-1: Swinging Strike 0-2: Ball 1-2: Ball 2-2: Foul Ball, location: 2F 2-2: Ball 3-2: Foul Ball, location: 2F 3-2: Strikes out looking
|
| Bottom of the 3rd over - 0 runs, 1 hit, 0 errors, 1 left on base; Montgomery 1 - Chattanooga 1 |
| TOP OF THE 4TH |
|
Montgomery Biscuits batting - Pitching for Chattanooga Lookouts : RHP Jason Stout
|
|
Batting: RHB Dan Marks
|
0-0: Ball 1-0: Swinging Strike 1-1: Ball 2-1: Fly out, F8 (Flyball, 8RM, EV 81.9 MPH)
|
|
Batting: RHB Jason Penfield
|
0-0: Called Strike 0-1: Foul Ball, location: 2F 0-2: Reached on error, E5 (Groundball, 56S, EV 86.2 MPH)
|
|
Batting: RHB Dave Galloway
|
0-0: Ball 1-0: Called Strike 1-1: Fly out, F8 (Flyball, 8LXD, EV 103.1 MPH) Runner from 2nd tags up, SAFE at 3rd, no throw by CF
|
|
Batting: RHB Isaiah Easter
|
0-0: Ground out 3-1 (Groundball, 13, EV 78.8 MPH)
|
| Top of the 4th over - 0 runs, 0 hits, 1 error, 1 left on base; Montgomery 1 - Chattanooga 1 |
| BOTTOM OF THE 4TH |
|
Chattanooga Lookouts batting - Pitching for Montgomery Biscuits : RHP Jeremy Price
|
|
Batting: LHB Shaun Price
|
0-0: Ball 1-0: Called Strike 1-1: Ball 2-1: Ball 3-1: Ground out U3 (Groundball, 34, EV 85.0 MPH)
|
|
Batting: LHB Kuemon Shishido
|
0-0: Ball 1-0: Called Strike 1-1: Foul Ball, location: 2F 1-2: Ball 2-2: Foul Ball, location: 2F 2-2: Ground out 6-3 (Groundball, 6, EV 105.6 MPH)
|
|
Batting: LHB Brian Wagner
|
0-0: Swinging Strike 0-1: Swinging Strike 0-2: Fly out, F8 (Flyball, 8RD, EV 87.5 MPH)
|
| Bottom of the 4th over - 0 runs, 0 hits, 0 errors, 0 left on base; Montgomery 1 - Chattanooga 1 |
| TOP OF THE 5TH |
|
Montgomery Biscuits batting - Pitching for Chattanooga Lookouts : RHP Jason Stout
|
|
Batting: RHB Khalil Walker
|
0-0: Ground out 3-1 (Groundball, 34, EV 85.0 MPH)
|
|
Batting: LHB Alex Genao
|
0-0: Ball 1-0: Fly out, F3 (Line Drive, 3, EV 70.0 MPH)
|
|
Batting: RHB Adam Turpin
|
0-0: Ball 1-0: Ball 2-0: Ball 3-0: Base on Balls
|
|
Batting: LHB Mario Ocana
|
0-0: Ball Adam Turpin steals 2nd base (no throw) 1-0: Called Strike 1-1: Ball 2-1: SINGLE (Groundball, 4MD, EV 104.4 MPH) Adam Turpin to third Runner from 3rd tries for Home, SAFE, throw by CF to home
|
|
Batting: RHB Alex Zamora
|
0-0: Called Strike 0-1: Called Strike 0-2: Ball Mario Ocana steals 2nd base 1-2: Strikes out swinging
|
| Top of the 5th over - 1 run, 1 hit, 0 errors, 1 left on base; Montgomery 2 - Chattanooga 1 |
| BOTTOM OF THE 5TH |
|
Chattanooga Lookouts batting - Pitching for Montgomery Biscuits : RHP Jeremy Price
|
|
Batting: RHB Manuel Juarez
|
0-0: Ball 1-0: Ball 2-0: Called Strike 2-1: SINGLE (Line Drive, 8RS, EV 105.0 MPH)
|
|
Batting: RHB Michael McDonald
|
0-0: Foul Ball, location: 2F 0-1: Ball 1-1: Foul Ball, location: 2F 1-2: Grounds into double play, 6-4-3 (Groundball, 6, EV 108.8 MPH)
|
|
Batting: RHB Juan Espinoza
|
0-0: Ball 1-0: Foul Ball, location: 2F 1-1: Fly out, F8 (Flyball, 8RD, EV 97.5 MPH)
|
| Bottom of the 5th over - 0 runs, 1 hit, 0 errors, 0 left on base; Montgomery 2 - Chattanooga 1 |
| TOP OF THE 6TH |
|
Montgomery Biscuits batting - Pitching for Chattanooga Lookouts : RHP Jason Stout
|
|
Batting: RHB Dan Marks
|
0-0: Foul Ball, location: 2F 0-1: Ball 1-1: Fly out, F9 (Flyball, 89D, EV 93.8 MPH)
|
|
Batting: RHB Jason Penfield
|
0-0: DOUBLE (Flyball, 9D, EV 93.8 MPH) - OUT at third base trying to stretch hit.
|
|
Batting: RHB Dave Galloway
|
0-0: Ball 1-0: SINGLE (Groundball, 56D, EV 101.2 MPH)
|
|
Batting: RHB Isaiah Easter
|
0-0: Called Strike 0-1: SINGLE (Groundball, 34S, EV 65.0 MPH) (infield hit) Dave Galloway to second
|
|
Batting: RHB Khalil Walker
|
0-0: Called Strike 0-1: SINGLE (Groundball, 4M, EV 81.2 MPH) (infield hit) Dave Galloway to third Isaiah Easter to second
|
|
Batting: LHB Alex Genao
|
0-0: Ball 1-0: Foul Ball, location: 2F 1-1: Ball 2-1: Ball 3-1: Base on Balls Dave Galloway scores Isaiah Easter to third Khalil Walker to second
|
|
Batting: RHB Adam Turpin
|
0-0: Ball 1-0: Ball 2-0: Called Strike 2-1: Foul Ball, location: 2F 2-2: Fly out, F7 (Flyball, 7S, EV 91.2 MPH)
|
| Top of the 6th over - 1 run, 4 hits, 0 errors, 3 left on base; Montgomery 3 - Chattanooga 1 |
| BOTTOM OF THE 6TH |
|
Chattanooga Lookouts batting - Pitching for Montgomery Biscuits : RHP Jeremy Price
|
|
Batting: LHB David Campbell
|
0-0: Called Strike 0-1: Ground out U3 (Groundball, 3, EV 85.0 MPH)
|
|
Batting: SHB Matt Urbani
|
0-0: Ball 1-0: Ball 2-0: Called Strike 2-1: Ball 3-1: Ground out 5-3 (Groundball, 56S, EV 84.4 MPH)
|
|
Batting: LHB Marshall Daul
|
0-0: Called Strike 0-1: Foul Ball, location: 2F 0-2: Foul Ball, location: 2F 0-2: SINGLE (Groundball, 6M, EV 103.1 MPH) (infield hit)
|
|
Batting: LHB Shaun Price
|
0-0: Ball 1-0: Fielders Choice at 2nd, 5-6 (Groundball, 56, EV 108.8 MPH)
|
| Bottom of the 6th over - 0 runs, 1 hit, 0 errors, 1 left on base; Montgomery 3 - Chattanooga 1 |
| TOP OF THE 7TH |
|
Montgomery Biscuits batting - Pitching for Chattanooga Lookouts : RHP Jason Stout
|
|
Batting: LHB Mario Ocana
|
0-0: Called Strike 0-1: Ball 1-1: Called Strike 1-2: SINGLE (Groundball, 6D, EV 101.2 MPH)
|
|
Batting: RHB Alex Zamora
|
0-0: Called Strike 0-1: Ball Wild Pitch! Mario Ocana to second 1-1: Intentional Walk
|
|
Batting: RHB Dan Marks
|
0-0: Ball 1-0: Reached on error, E4 (Groundball, 4, EV 78.1 MPH) Mario Ocana to third Alex Zamora to second
|
|
Batting: RHB Jason Penfield
|
0-0: Ball 1-0: Foul Ball, location: 2F 1-1: Foul Ball, location: 2F 1-2: Fly out, F7 (Line Drive, 78M, EV 91.2 MPH)
|
|
Pitching: RHP Regan Kalinski
|
|
|
Batting: RHB Dave Galloway
|
0-0: Fly out, F9 (Flyball, 9, EV 92.5 MPH) Runner from 3rd tags up, SCORES, throw by RF
|
|
Batting: RHB Isaiah Easter
|
0-0: Ball 1-0: Ball 2-0: Ball 3-0: Called Strike 3-1: Foul Ball, location: 2F 3-2: Ground out 5-3 (Groundball, 56S, EV 61.2 MPH)
|
| Top of the 7th over - 1 run, 1 hit, 1 error, 2 left on base; Montgomery 4 - Chattanooga 1 |
| BOTTOM OF THE 7TH |
|
Chattanooga Lookouts batting - Pitching for Montgomery Biscuits : RHP Jeremy Price
|
|
Batting: LHB Kuemon Shishido
|
0-0: Ball 1-0: Ground out 5-3 (Groundball, 25, EV 87.5 MPH)
|
|
Batting: LHB Brian Wagner
|
0-0: Foul Ball, location: 2F 0-1: Swinging Strike 0-2: Ball 1-2: Strikes out looking
|
|
Batting: RHB Manuel Juarez
|
0-0: Fly out, F7 (Flyball, 7, EV 83.1 MPH)
|
| Bottom of the 7th over - 0 runs, 0 hits, 0 errors, 0 left on base; Montgomery 4 - Chattanooga 1 |
| TOP OF THE 8TH |
|
Montgomery Biscuits batting - Pitching for Chattanooga Lookouts : RHP Regan Kalinski
|
|
Batting: RHB Khalil Walker
|
0-0: Foul Ball, location: 2F 0-1: Ball 1-1: DOUBLE (Flyball, 89D, EV 107.5 MPH)
|
|
Batting: LHB Alex Genao
|
0-0: Fly out, F7 (Flyball, 78M, EV 88.1 MPH)
|
|
Batting: RHB Adam Turpin
|
0-0: SINGLE (Line Drive, 7S, EV 95.6 MPH) Khalil Walker to third
|
|
Batting: LHB Mario Ocana
|
0-0: Fielders Choice at 2nd, 1-6 (Groundball, 13S, EV 75.0 MPH)
|
|
Batting: RHB Alex Zamora
|
0-0: Foul Ball, location: 2F 0-1: Swinging Strike 0-2: Strikes out swinging
|
| Top of the 8th over - 0 runs, 2 hits, 0 errors, 2 left on base; Montgomery 4 - Chattanooga 1 |
| BOTTOM OF THE 8TH |
|
Chattanooga Lookouts batting - Pitching for Montgomery Biscuits : RHP Jeremy Price
|
|
Batting: RHB Michael McDonald
|
0-0: Called Strike 0-1: Ground out 5-3 (Groundball, 56, EV 85.0 MPH)
|
|
Batting: RHB Juan Espinoza
|
0-0: Ball 1-0: Foul Ball, location: 2F 1-1: Ground out 6-3 (Groundball, 56D, EV 105.0 MPH)
|
|
Batting: LHB David Campbell
|
0-0: Ball 1-0: Called Strike 1-1: Called Strike 1-2: Ball 2-2: Foul Ball, location: 2F 2-2: Ball 3-2: Strikes out swinging
|
| Bottom of the 8th over - 0 runs, 0 hits, 0 errors, 0 left on base; Montgomery 4 - Chattanooga 1 |
| TOP OF THE 9TH |
|
Montgomery Biscuits batting - Pitching for Chattanooga Lookouts : RHP Regan Kalinski
|
|
Pitching: RHP Tom Aagaard
|
|
|
Batting: RHB Dan Marks
|
0-0: Called Strike 0-1: Ball 1-1: Called Strike 1-2: Strikes out swinging
|
|
Batting: RHB Jason Penfield
|
0-0: Swinging Strike 0-1: Swinging Strike 0-2: Strikes out swinging
|
|
Batting: RHB Dave Galloway
|
0-0: Ball 1-0: Foul Ball, location: 2F 1-1: Ball 2-1: Foul Ball, location: 2F 2-2: Foul Ball, location: 2F 2-2: Ball 3-2: Foul Ball, location: 2F 3-2: Strikes out swinging
|
| Top of the 9th over - 0 runs, 0 hits, 0 errors, 0 left on base; Montgomery 4 - Chattanooga 1 |
| BOTTOM OF THE 9TH |
|
Chattanooga Lookouts batting - Pitching for Montgomery Biscuits : RHP Jeremy Price
|
|
Pitching: LHP Brian Kelly
|
|
|
Batting: SHB Matt Urbani
|
0-0: Ball 1-0: Ball 2-0: Foul Ball, location: 2F 2-1: Fly out, F6 (Line Drive, 6MD, EV 75.6 MPH)
|
|
Batting: LHB Marshall Daul
|
0-0: Called Strike 0-1: Foul Ball, location: 2F 0-2: Hit by Pitch
|
|
Batting: LHB Shaun Price
|
0-0: Foul Ball, location: 2F 0-1: Grounds into double play, 4-6-3 (Groundball, 34, EV 88.1 MPH)
|
| Bottom of the 9th over - 0 runs, 0 hits, 0 errors, 0 left on base; Montgomery 4 - Chattanooga 1 |
|